 Dungeon Crawl Stone Soup version 0.30.1-9-gdf580d7c3d (webtiles) character file.

Game seed: 8033232833169524796

170 fag the Conjurer (level 5, -3/26 (28) HPs)
             Began as a Deep Elf Conjurer on Sept 25, 2023.
             Slain by Crazy Yiuf
             ... wielding a +4 quarterstaff of chaos
              (19 damage)
             ... on level 2 of the Dungeon.
             The game lasted 00:06:50 (3531 turns).

fag the Conjurer (Deep Elf Conjurer)                Turns: 3531, Time: 00:06:51

HP:   -3/26 (28)    AC:  2    Str:  4    XL:     5   Next: 26%
MP:   0/13          EV: 12    Int: 25    God:
Gold: 154           SH:  0    Dex: 13    Spells: 1/12 levels left

rFire   . . .        k - +0 quarterstaff
rCold   . . .        (shield currently unavailable)
rNeg    . . .        a - +0 robe
rPois   .            (no helmet)
rElec   .            (no cloak)
rCorr   .            (no gloves)
SInv    +            (no boots)
Will    .....        (no amulet)
Stlth   ++           m - ring of flight
HPRegen 0.24/turn    r - ring of see invisible
MPRegen 0.13/turn

%: no passive effects
@: stuck, flying, very slightly contaminated, drained
A: no striking features
a: no special abilities


You were on level 2 of the Dungeon.
You visited 1 branch of the dungeon, and saw 3 of its levels.

You collected 154 gold pieces.

Inventory:

Hand Weapons
 k - a +0 quarterstaff (weapon)
 t - a +2 hammer of draining
Missiles
 d - 9 poisoned darts
Armour
 a - a +0 robe (worn)
Jewellery
 l - a ring of fire
 m - a ring of flight (left hand)
 r - a ring of see invisible (right hand)
Wands
 h - a wand of mindburst (2)
Scrolls
 c - a scroll of fog
 e - 2 scrolls of enchant armour {unknown}
 g - a scroll of enchant weapon {unknown}
 o - a scroll of vulnerability {unknown}
 q - 2 scrolls of amnesia
Potions
 b - a potion of magic
 f - 3 potions of heal wounds
 i - a potion of attraction {unknown}
 j - a potion of brilliance
 n - a potion of berserk rage {unknown}
 p - a potion of mutation {unknown}
 s - a potion of invisibility {unknown}


   Skills:
 + Level 0.1 Fighting
 + Level 0.5 Staves
 + Level 2.9 Dodging
 + Level 3.0 Stealth
 + Level 4.3 Spellcasting
 + Level 6.2 Conjurations


You had one spell level left.
You knew the following spells:

 Your Spells              Type           Power      Damage    Failure   Level
a - Magic Dart            Conj           100%       1d8       1%          1
b - Searing Ray           Conj           72%        2d7       1%          2
c - Iskenderun's Mystic   Conj/Tloc      21%        2d6       24%         4
d - Fulminant Prism       Conj/Hex       10%        3d8       24%         4

Your spell library contained the following spells:

 Spells                   Type           Power      Damage    Failure   Level
 Shock                    Conj/Air       84%        1d8       2%          1
 Dazzling Flash           Conj/Hex       42%        N/A       8%          3
 Swiftness                Air            5%         N/A       26%         3
 Airstrike                Air            2%         2d(1-17)  65%         4


Dungeon Overview and Level Annotations

Branches:
Dungeon (3/15)

Altars:

Annotations:
D:2 Crazy Yiuf
D:3 3 runed translucent doors, laqueoix's ghost, amateur MfGl


Message History

There is an open translucent door here.
You see here a +2 hammer of draining.
t - a +2 hammer of draining
There is an open translucent door here.
Casting: Fulminant Prism (extremely dangerous; 24% risk of failure)
Confirm with . or Enter, or press ? or * to list all spells.
The spell is extremely dangerous to miscast (24% risk of failure)!
Continue anyway?
You miscast Iskenderun's Mystic Blast.
You are very lightly contaminated with residual magic.
The air around you crackles with energy.
You are magically locked in place.
Crazy Yiuf shouts!
Casting: Iskenderun's Mystic Blast (extremely dangerous; 24% risk of failure)
Confirm with . or Enter, or press ? or * to list all spells.
The spell is extremely dangerous to miscast (24% risk of failure)!
Continue anyway?
You erupt in a blast of force!
The mystic blast hits Crazy Yiuf.
Crazy Yiuf is lightly wounded.
Crazy Yiuf is knocked back by the mystic blast.
Crazy Yiuf slams into the rock wall!
Crazy Yiuf is moderately wounded.
Crazy Yiuf hits you with a +4 quarterstaff of chaos!
You feel drained.
Casting: Iskenderun's Mystic Blast (astonishingly dangerous; 24% risk of failure)
Confirm with . or Enter, or press ? or * to list all spells.
The spell is astonishingly dangerous to miscast (24% risk of failure)!
Continue anyway?
You erupt in a blast of force!
The mystic blast hits Crazy Yiuf!
Crazy Yiuf is severely wounded.
Crazy Yiuf is knocked back by the mystic blast.
Crazy Yiuf slams into the rock wall!
Crazy Yiuf is almost dead.
Casting: Iskenderun's Mystic Blast (astonishingly dangerous; 24% risk of failure)
Confirm with . or Enter, or press ? or * to list all spells.
Aiming: Magic Dart (safe; 1% risk of failure)
Press: ? - help, Shift-Dir - straight line, f - Crazy Yiuf
Aim: Crazy Yiuf, wielding a +4 quarterstaff of chaos and wearing a +0 cloak (almost dead, 100% to hit)
The magic dart hits Crazy Yiuf but does no damage.
Crazy Yiuf is almost dead.
Crazy Yiuf hits you with a +4 quarterstaff of chaos!!
Ouch! That really hurt!
You die...

#..##........#
####..####.####.##
####..........##.(...
#.......########.#[##
#.##.##.########.#.##
# #.##.......##†#..#
#.##.##.......##.##.#
#....g........##.##.#
####
#@##.......##.....
...#
####.##.......#####..
...# #.............#
##.. ...#
#.##.##.......# #...
#'## ##.##.##.##.####
#... ♣.♣
#.....##.#.#.####
#... .♣♣
#..#.......##...#
#... .♣
#..#.#####.#.##.#
#.## ♣♣ #....#
#..###.# #.#


You could see Crazy Yiuf.

Vanquished Creatures
  Ijyb (D:3)
  Natasha (D:2)
  2 orc wizards (D:3)
  A gnoll (D:1)
  An adder (D:2)
  A worm (D:2)
  A dart slug (D:1)
  3 orcs (D:3)
  7 ball pythons
  A bat (D:1)
  2 endoplasms
  3 giant cockroaches (D:1)
  4 goblins
  6 hobgoblins
  2 jackals (D:1)
  3 kobolds
  2 quokkas (D:1)
  2 frilled lizards (D:1)
  3 rats
46 creatures vanquished.

Vanquished Creatures (others)
  3 fulminant prisms (D:2)
3 creatures vanquished.

Grand Total: 49 creatures vanquished

Notes
Turn   | Place    | Note
-------+----------+-------------------------------------------
     0 | D:1      | fag the Deep Elf Conjurer began the quest for the Orb.
     0 | D:1      | Reached XP level 1. HP: 10/10 MP: 6/6
   279 | D:1      | Reached XP level 2. HP: 15/15 MP: 6/8
   341 | D:1      | Reached skill level 5 in Conjurations
   384 | D:1      | Learned a level 2 spell: Searing Ray
   596 | D:1      | Reached XP level 3. HP: 19/19 MP: 6/9
  1716 | D:2      | Noticed Natasha
  1721 | D:2      | Killed Natasha
  1722 | D:2      | Reached XP level 4. HP: 20/24 MP: 4/11
  1882 | D:2      | Learned a level 4 spell: Iskenderun's Mystic Blast
  1903 | D:2      | Found a faded altar of an unknown god.
  2251 | D:2      | Found a runed translucent door.
  2308 | D:3      | Found a runed translucent gate.
  2308 | D:3      | Noticed a kobold brigand
  2383 | D:3      | Found a runed translucent gate.
  2384 | D:3      | Found a runed translucent gate.
  2385 | D:3      | Noticed laqueoix's ghost (amateur MfGl)
  2408 | D:3      | HP: 1/24 [orc wizard/+0 dagger (2)]
  2422 | D:3      | Reached skill level 6 in Conjurations
  2447 | D:3      | Reached XP level 5. HP: 11/28 MP: 0/13
  2729 | D:3      | Noticed Ijyb
  2735 | D:3      | Killed Ijyb
  3134 | D:3      | Learned a level 4 spell: Fulminant Prism
  3192 | D:2      | Noticed Crazy Yiuf
  3531 | D:2      | Slain by Crazy Yiuf

Illustrated notes

Levels and vault maps discovered:
D:1:      eino_arrival_cavern_b, layout_basic, kennysheep_pointless_box
D:2:      layout_loops_cross, ebering_ecumenical_altar_petrified, corexii_shack,
          minivault_24, uniq_natasha, uniq_crazy_yiuf_cottage
D:3:      layout_basic, gammafunk_ghost_nasty_kobolds, uniq_ijyb

Skill      XL: |  1  2  3  4  5 |
---------------+----------------+-----
Conjurations   | 5 6 |  6.2
Spellcasting   | 4 |  4.3
Stealth        | 3 |  3.0
Fighting       | |  0.1
Staves         | |  0.5
Dodging        | |  2.9

Action                     |  1- 3 |  4- 6 || total
---------------------------+-------+-------++-------
  Melee: Quarterstaff      |     4 |    15 ||    19
   Cast: Magic Dart        |    46 |    20 ||    66
         Searing Ray       |     2 |     7 ||     9
         Fulminant Prism   |       |     3 ||     3
         Iskenderun's Myst |       |     2 ||     2
    Use: Scroll            |       |     7 ||     7
         Potion            |       |     1 ||     1
 Armour: Robe              |       |     5 ||     5
  Dodge: Dodged            |     7 |    13 ||    20
